 Dungeon Crawl Stone Soup version 0.27-a0-535-g7eaf864cf9 (webtiles) character file.

Game seed: 13652183154606733712

77 Zolraag the Skirmisher (level 4, -5/48 HPs)
             Began as an Ogre Warper on Mar 6, 2021.
             Slain by Natasha (6 damage)
             ... on level 2 of the Dungeon.
             The game lasted 00:07:12 (2105 turns).

Zolraag the Skirmisher (Ogre Warper)                Turns: 2105, Time: 00:07:14

Health: -5/48      AC:  3    Str: 15    XL:     4   Next: 34%
Magic:  7/7        EV:  9    Int: 15    God:
Gold:   73         SH:  0    Dex:  8    Spells: 5/7 levels left

rFire    . . .     SeeInvis .   a - +1 mace (vorpal)
rCold    . . .     Faith    .   (no shield)
rNeg     . . .     Spirit   .   g - +0 animal skin
rPois    .         Reflect  .   (helmet restricted)
rElec    .         Harm     .   (no cloak)
rCorr    .         Rampage  .   (gloves unavailable)
Will     .....                  (boots unavailable)
Stlth    +.........             (no amulet)
HPRegen  0.16/turn              (no ring)
MPRegen  0.10/turn              (no ring)

@: slowed, very slow
A: large, unfitting armour, tough skin 1
a: no special abilities


You were on level 2 of the Dungeon.
You visited 1 branch of the dungeon, and saw 2 of its levels.

You collected 73 gold pieces.

Inventory:

Hand Weapons
 a - a +1 vorpal mace (weapon)
Missiles
 e - 5 boomerangs of dispersal
 j - 3 silver boomerangs (quivered)
Armour
 g - a +0 animal skin (worn)
Wands
 b - a wand of polymorph (2)
Scrolls
 c - a scroll of amnesia {unknown}
 d - a scroll of blinking
 f - a scroll of random uselessness {unknown}
 h - a scroll of teleportation
 i - a scroll of identify {unknown}
 k - a scroll of fear {unknown}
 l - a scroll of enchant armour {unknown}


   Skills:
 + Level 4.0 Fighting
 * Level 3.4 Maces & Flails
 - Level 1.0 Throwing
 - Level 2.1 Dodging
 - Level 2.4 Spellcasting
 - Level 2.6 Translocations


You had 5 spell levels left.
You knew the following spells:

 Your Spells              Type           Power      Damage    Failure   Level
a - Blink                 Tloc           N/A        N/A       11%         2

Your spell library contained the following spells:

 Spells                   Type           Power      Damage    Failure   Level
 Gell's Gravitas          Tloc           4%         N/A       22%         3
 Lesser Beckoning         Tloc           4%         N/A       22%         3
 Teleport Other           Tloc           9%         N/A       22%         3
 Manifold Assault         Tloc           9%         N/A       56%         4


Dungeon Overview and Level Annotations

Branches:
Dungeon (2/15)

Altars:
Trog

Annotations:
D:2 Natasha, Sigmund


Innate Abilities, Weirdness & Mutations

You are too large for most types of armour.
You have tough skin. (AC +1)


Message History

Found 11 gold pieces.
Found 23 bolts and a scroll labelled SUXIUPNYDER.
Found a ring mail.
You now have 73 gold pieces (gained 11).
k - a scroll labelled SUXIUPNYDER You see here 23 bolts.
Natasha hisses angrily.
Natasha is nearby!
Natasha casts a spell at you. The magic dart hits you!
You barely miss Natasha.
Natasha stares at you and mumbles some strange words.
You feel yourself slow down.
You closely miss Natasha. Natasha claws you. x2
You aren't carrying any potions.
Okay, then.
You hit Natasha.
Natasha is moderately wounded.
Natasha casts a spell at you.
You feel as though you will be slow longer.
Natasha claws you!
You hit Natasha.
Natasha is severely wounded.
Natasha claws you.
Natasha mumbles some strange words.
You hit Natasha but do no damage.
Natasha is heavily wounded.
Natasha claws you! Natasha claws you.
* * * LOW HITPOINT WARNING * * *
The iron imp hits you.
* * * LOW HITPOINT WARNING * * *
You aren't carrying any potions.
Okay, then.
You barely miss Natasha.
Natasha is heavily wounded.
Natasha casts a spell at you. The magic dart hits you.
* * * LOW HITPOINT WARNING * * *
The iron imp barely misses you. Natasha claws you.
You die...

# #.....## #######.
#.#......' #....##.
##.#...... #.##.###
........#######.......
####..#...........#.....
#..........######.#....#
...........'............
#.###......####.#...##.#
#......@h.## #.######.+
######5##.# #.# ### #.# .#
#.# # #.....##+###.## . #.#
# ...#. .)..##..###.# #.# #
###... .............# #.#
....###....###.#######.#####
#... ......# #..# #........#
.##..###.....#
##.###........#


You could see an iron imp (summoned) and Natasha.

Vanquished Creatures
  Terence (D:2)
  Natasha (D:2)
  An ooze (D:1)
  2 worms (D:2)
  A giant cockroach (D:2)
  4 goblins (D:1)
  A hobgoblin (D:2)
  3 kobolds
  2 bats
  A frilled lizard (D:1)
  4 rats
21 creatures vanquished.

Notes
Turn   | Place    | Note
-------+----------+-------------------------------------------
     0 | D:1      | Zolraag the Ogre Warper began the quest for the Orb.
     0 | D:1      | Reached XP level 1. HP: 22/22 MP: 3/3
    52 | D:1      | Reached skill level 3 in Fighting
    54 | D:1      | Reached XP level 2. HP: 30/31 MP: 5/5
  1083 | D:2      | Noticed Sigmund
  1104 | D:2      | Learned a level 2 spell: Blink
  1150 | D:2      | Noticed Natasha
  1160 | D:2      | Killed Natasha
  1161 | D:2      | Reached XP level 3. HP: 37/37 MP: 6/6
  1318 | D:2      | Found a bloodstained altar of Trog.
  1522 | D:2      | Noticed Terence
  1543 | D:2      | Killed Terence
  1544 | D:2      | Reached skill level 4 in Fighting
  1544 | D:2      | Reached XP level 4. HP: 31/48 MP: 7/7
  1571 | D:2      | Noticed an ogre
  2022 | D:2      | Noticed Natasha
  2105 | D:2      | HP: 1/48 [Natasha/magic dart (6)]
  2105 | D:2      | Slain by Natasha

Illustrated notes

Levels and vault maps discovered:
D:1:      grunt_arrival_crossed_arrows, layout_rooms
D:2:      layout_basic, kennysheep_flooded_box, bloody_trog, uniq_natasha,
          uniq_sigmund, uniq_terence

Skill      XL: |  1  2  3 |
---------------+----------+-----
Maces & Flails | 2 3 |  3.4
Fighting       | 3 4 |  4.0
Throwing       | |  1.0
Dodging        | |  2.1
Spellcasting   | |  2.4
Translocations | |  2.6

Action                   |  1- 3 |  4- 6 || total
-------------------------+-------+-------++-------
Melee: Mace              |    50 |    21 ||    71
       Whip              |    38 |       ||    38
Throw: Dart              |     2 |       ||     2
       Boomerang         |     1 |       ||     1
  Use: Scroll            |     1 |       ||     1
       Potion            |     1 |       ||     1
Armor: Robe              |    15 |       ||    15
       Animal skin       |       |     4 ||     4
Dodge: Dodged            |    34 |     3 ||    37

Table legend: (Time is in decaauts)
 A = Elapsed time spent in this place.
 B = Non-inter-level travel time spent in this place.
 C = Inter-level travel time spent in this place.
 D = Time resting spent in this place.
 E = Time spent auto-exploring this place.
 F = Levels seen in this place.
 G = Mean time per level.
                   A        B        C        D        E       F      G
               +--------+--------+--------+--------+--------+-----+--------+
         Total |   2131 |   1981 |    150 |    563 |    752 |   2 | 1065.5 |
       Dungeon |   2131 |   1981 |    150 |    563 |    752 |   2 | 1065.5 |
               +--------+--------+--------+--------+--------+-----+--------+

Top non-repeatable levels by time:
     D:1: 1330 daAuts
     D:2: 800 daAuts
